 Dungeon Crawl Stone Soup version 0.26-a0-712-ga5a9c9c9d0 (webtiles) character file.

Game seed: 2359097744899748077

2537 loralnil the Insei (level 9, -2/81 HPs)
             Began as a Gnoll Transmuter on Nov 5, 2020.
             Killed from afar by an electric eel (13 damage)
             ... with a bolt of electricity
             ... on level 6 of the Dungeon.
             The game lasted 00:08:47 (6717 turns).

loralnil the Insei (Gnoll Transmuter)               Turns: 6717, Time: 00:08:47

Health: -2/81      AC:  6    Str: 12    XL:     9   Next: 55%
Magic:  17/19      EV: 14    Int: 16    God:
Gold:   318        SH:  0    Dex: 19    Spells: 11/21 levels left

rFire    x . .     SeeInvis +     - Unarmed
rCold    + + +     Faith    .   (shield currently unavailable)
rNeg     . . .     Spirit   .   (armour currently unavailable)
rPois    +         Reflect  .   (helmet currently unavailable)
rElec    .         Harm     .   (cloak currently unavailable)
rCorr    .         Rampage  .   (gloves currently unavailable)
MR       .....                  (boots currently unavailable)
Stlth    +++.......             (no amulet)
HPRegen  0.23/turn              d - ring of see invisible
MPRegen  0.16/turn              (no ring)

@: ice-form
A: large, distributed training, strong nose
a: End Transformation


You were on level 6 of the Dungeon.
You were a creature of crystalline ice.
You visited 1 branch of the dungeon, and saw 6 of its levels.
You also visited: Sewer.

You collected 318 gold pieces.

Inventory:

Armour
 a - a +0 robe (melded)
 i - a scarf of resistance (melded)
 v - a +2 pair of gloves (melded)
 y - a +0 pair of boots (melded)
Jewellery
 d - a ring of see invisible (left front paw)
Wands
 x - a wand of disintegration (10)
Scrolls
 c - 4 scrolls of teleportation
 k - 3 scrolls of amnesia
 l - 2 scrolls of magic mapping
 m - a scroll of fog
 q - a scroll of vulnerability {unknown}
 s - a scroll of fear {unknown}
 t - 2 scrolls of remove curse
 w - 2 scrolls of enchant weapon {unknown}
Potions
 b - a potion of flight
 e - a potion of cancellation {unknown}
 f - 2 potions of curing
 g - 2 potions of brilliance
 h - 2 potions of stabbing
 j - a potion of haste {unknown}
 n - a potion of might {unknown}
 o - 2 potions of heal wounds {unknown}
 p - a potion of berserk rage {unknown}
 r - 2 potions of mutation {unknown}
 u - a potion of lignification {unknown}


   Skills:
 + Level 5.1 Fighting
 + Level 4.3 Short Blades
 + Level 4.3 Long Blades
 + Level 4.3 Axes
 + Level 4.3 Maces & Flails
 + Level 4.3 Polearms
 + Level 4.3 Staves
 + Level 4.3 Slings
 + Level 4.3 Bows
 + Level 4.3 Crossbows
 + Level 4.3 Throwing
 + Level 4.3 Armour
 + Level 6.4 Dodging
 + Level 4.3 Stealth
 + Level 4.3 Shields
 + Level 7.9 Unarmed Combat
 + Level 6.7 Spellcasting
 + Level 3.6 Conjurations
 + Level 3.6 Hexes
 + Level 3.6 Summonings
 + Level 3.6 Necromancy
 + Level 3.6 Translocations
 + Level 5.3 Transmutations
 + Level 3.6 Fire Magic
 + Level 3.6 Ice Magic
 + Level 3.6 Air Magic
 + Level 3.6 Earth Magic
 + Level 3.6 Poison Magic
 + Level 4.8 Invocations
 + Level 4.3 Evocations


You had 11 spell levels left.
You knew the following spells:

 Your Spells              Type           Power        Failure   Level
a - Beastly Appendage     Tmut           ###...       1%          1
b - Wereblood             Tmut           ###.....     2%          2
c - Spider Form           Tmut/Pois      ###.......   6%          3
d - Ice Form              Ice/Tmut       ###.....     21%         4

Your spell library contained the following spells:

 Spells                   Type           Power        Failure   Level
 Magic Dart               Conj           ###.         3%          1
 Blink                    Tloc           N/A          4%          2
 Call Imp                 Summ           ###.....     4%          2
 Slow                     Hex            ###.....     4%          2
 Conjure Flame            Conj/Fire      ###.....     9%          3
 Mephitic Cloud           Conj/Pois/Air  ###.....     9%          3
 Blade Hands              Tmut           ###.......   36%         5


Dungeon Overview and Level Annotations

Branches:
Dungeon (6/15)              Sewer (visited)
 Temple: D:4-7

Altars:
Makhleb
Trog


Innate Abilities, Weirdness & Mutations

Your experience applies equally to all skills.
((You have very sharp teeth.))
Your uncanny sense of smell can sniff out nearby items.


Message History

The bolt of electricity hits you.
The electric eel shoots out a bolt of lightning at you!
The bolt of electricity hits the plant!
The plant begins to die.
The bolt of electricity hits you!
The electric eel shoots out a bolt of lightning at you!
The bolt of electricity hits you!
The electric eel shoots out a bolt of lightning at you!
The bolt of electricity hits the plant!
The bolt of electricity hits you!
The electric eel shoots out a bolt of lightning at you!
The bolt of electricity hits you!
* * * LOW HITPOINT WARNING * * *
Okay, then.
The electric eel shoots out a bolt of lightning at you!
The bolt of electricity hits the plant!
The bolt of electricity hits you!
* * * LOW HITPOINT WARNING * * *
You feel better.
A nearby plant withers and dies.
The electric eel shoots out a bolt of lightning at you!
The bolt of electricity hits you!
You die...

≈≈P≈≈.≈≈≈≈≈≈##..#......#
≈≈P≈≈.≈≈≈≈≈# #....##.#..
.......≈≈≈## #...).###..
≈≈≈≈≈..♣;..##...#)###...
≈≈♣♣...........##.###...
♣♣≈##.........##..#.#.##
PP.........#####.......#
.............## ##..#####
..........Y..##### ##..####
.................# ###.#.##
.......#.††......###.#.....
.....##.#........#.....#.. ##
##...#.)).......##..###..
...##......).....#.....## #.#
............#######....#.##..
..........### ###........
........†.# ##.......


You could see an electric eel.

Vanquished Creatures
  An unseen horror (D:6)
  Pikel (D:5)
  Grinder (D:4)
  Menkaure (D:4)
  Duvessa (D:4)
  An orc warrior (D:6)
  A phantom (D:4)
  Purgy (Sewer)
  3 ogres
  A lemure (D:5)
  A bullfrog (D:6)
  Dowan (D:4)
  A howler monkey (D:6)
  An electric eel (D:6)
  2 jellies
  A hound (D:6)
  An orc wizard (D:6)
  3 iguanas
  A worker ant (D:4)
  A hound skeleton (D:4)
  A worker ant zombie (D:5)
  8 adders
  An ooze (D:1)
  3 worms (D:2)
  2 dart slugs
  3 leopard geckos
  8 orcs
  3 giant cockroaches
  8 hobgoblins
  2 jackals (D:1)
  5 quokkas
  3 ball pythons
  3 bats
  6 frilled lizards
  7 goblins
  A jackal skeleton (D:6)
  6 kobolds
  A leopard gecko skeleton (D:6)
  8 rats
104 creatures vanquished.

Vanquished Creatures (others)
  A giant cockroach (D:6)
  10 plants (D:6)
11 creatures vanquished.

Grand Total: 115 creatures vanquished

Notes
Turn   | Place    | Note
-------+----------+-------------------------------------------
     0 | D:1      | loralnil the Gnoll Transmuter began the quest for the Orb.
     0 | D:1      | Reached XP level 1. HP: 17/17 MP: 6/6
   204 | D:1      | Reached XP level 2. HP: 21/23 MP: 5/7
   216 | D:1      | Learned a level 2 spell: Wereblood
   985 | D:1      | Reached skill level 5 in Spellcasting
   985 | D:1      | Reached XP level 3. HP: 28/28 MP: 6/9
   990 | D:1      | Learned a level 3 spell: Spider Form
  1396 | D:2      | Reached skill level 1 in Invocations
  1538 | D:2      | Reached skill level 1 in Short Blades
  1538 | D:2      | Reached skill level 1 in Long Blades
  1538 | D:2      | Reached skill level 1 in Axes
  1538 | D:2      | Reached skill level 1 in Maces & Flails
  1538 | D:2      | Reached skill level 1 in Polearms
  1538 | D:2      | Reached skill level 1 in Staves
  1538 | D:2      | Reached skill level 1 in Slings
  1538 | D:2      | Reached skill level 1 in Bows
  1538 | D:2      | Reached skill level 1 in Crossbows
  1538 | D:2      | Reached skill level 1 in Throwing
  1538 | D:2      | Reached skill level 1 in Armour
  1538 | D:2      | Reached skill level 1 in Stealth
  1538 | D:2      | Reached skill level 1 in Shields
  1538 | D:2      | Reached skill level 1 in Evocations
  1840 | D:2      | Reached XP level 4. HP: 26/34 MP: 11/11
  2453 | D:2      | Found a burning altar of Makhleb.
  2735 | D:3      | Reached skill level 1 in Conjurations
  2735 | D:3      | Reached skill level 1 in Hexes
  2735 | D:3      | Reached skill level 1 in Summonings
  2735 | D:3      | Reached skill level 1 in Necromancy
  2735 | D:3      | Reached skill level 1 in Translocations
  2735 | D:3      | Reached skill level 1 in Fire Magic
  2735 | D:3      | Reached skill level 1 in Ice Magic
  2735 | D:3      | Reached skill level 1 in Air Magic
  2735 | D:3      | Reached skill level 1 in Earth Magic
  2735 | D:3      | Reached skill level 1 in Poison Magic
  2963 | D:3      | Found a glowing drain.
  3023 | Sewer    | Entered a sewer
  3233 | Sewer    | Reached XP level 5. HP: 39/40 MP: 10/12
  3255 | Sewer    | Noticed Purgy
  3272 | Sewer    | Killed Purgy
  3579 | D:3      | Reached XP level 6. HP: 47/47 MP: 11/13
  3616 | D:3      | Learned a level 4 spell: Ice Form
  4056 | D:4      | Noticed Dowan
  4058 | D:4      | Noticed Duvessa
  4073 | D:4      | Killed Duvessa
  4073 | D:4      | Reached skill level 5 in Dodging
  4081 | D:4      | Killed Dowan
  4536 | D:4      | Reached XP level 7. HP: 52/52 MP: 12/15
  4566 | D:4      | Reached skill level 7 in Unarmed Combat
  4872 | D:4      | Noticed Menkaure
  4883 | D:4      | Killed Menkaure
  5016 | D:4      | Noticed Grinder
  5085 | D:4      | Paralysed by Grinder for 4 turns
  5096 | D:4      | Killed Grinder
  5096 | D:4      | Reached XP level 8. HP: 60/60 MP: 13/16
  5365 | D:5      | Entered Level 5 of the Dungeon
  5403 | D:5      | Found a bloodstained altar of Trog.
  5491 | D:5      | Noticed Pikel
  5507 | D:5      | Killed Pikel
  6300 | D:6      | Reached skill level 5 in Transmutations
  6300 | D:6      | Reached XP level 9. HP: 51/66 MP: 16/18
  6416 | D:6      | Noticed an unseen horror
  6430 | D:6      | Killed an unseen horror
  6430 | D:6      | Reached skill level 5 in Fighting
  6713 | D:6      | HP: 1/81 [electric eel/bolt of electricity (12)]
  6717 | D:6      | Killed from afar by an electric eel

Illustrated notes

Levels and vault maps discovered:
D:1:      minmay_arrival_shattered_statue, layout_basic
D:2:      layout_basic, lightli_temple_of_fire
D:3:      layout_loops_ring, gup_sewer_entry_glass
D:4:      layout_gridville, kennysheep_another_room, uniq_grinder, uniq_duvessa,
          uniq_menkaure
D:5:      layout_loops_cross, bloody_trog, uniq_pikel
D:6:      layout_cave_pools, corexii_item_surrounded_by_moat,
          serial_bayou_lagoon_b, uniq_maggie, uniq_eustachio

Skill      XL: |  1  2  3  4  5  6  7  8  9 |
---------------+----------------------------+-----
Spellcasting   | 5 6 |  6.7
Invocations    | 1 2 3 4 |  4.8
Short Blades   | 1 2 3 4 |  4.3
Long Blades    | 1 2 3 4 |  4.3
Axes           | 1 2 3 4 |  4.3
Maces & Flails | 1 2 3 4 |  4.3
Polearms       | 1 2 3 4 |  4.3
Staves         | 1 2 3 4 |  4.3
Slings         | 1 2 3 4 |  4.3
Bows           | 1 2 3 4 |  4.3
Crossbows      | 1 2 3 4 |  4.3
Throwing       | 1 2 3 4 |  4.3
Armour         | 1 2 3 4 |  4.3
Stealth        | 1 2 3 4 |  4.3
Shields        | 1 2 3 4 |  4.3
Evocations     | 1 2 3 4 |  4.3
Conjurations   | 1 2 3 |  3.6
Hexes          | 1 2 3 |  3.6
Summonings     | 1 2 3 |  3.6
Necromancy     | 1 2 3 |  3.6
Translocations | 1 2 3 |  3.6
Fire Magic     | 1 2 3 |  3.6
Ice Magic      | 1 2 3 |  3.6
Air Magic      | 1 2 3 |  3.6
Earth Magic    | 1 2 3 |  3.6
Poison Magic   | 1 2 3 |  3.6
Fighting       | 3 4 5 |  5.1
Transmutations | 4 5 |  5.3
Dodging        | 5 6 |  6.4
Unarmed Combat | 7 |  7.9

Action                   |  1- 3 |  4- 6 |  7- 9 || total
-------------------------+-------+-------+-------++-------
Melee: Unarmed           |    98 |   127 |   127 ||   352
       Kick              |    20 |    14 |    15 ||    49
       Headbutt          |    11 |     9 |    10 ||    30
       Bite              |    10 |     7 |     5 ||    22
       Punch             |     1 |     2 |     2 ||     5
 Cast: Beastly Appendage |    17 |    24 |    14 ||    55
       Spider Form       |       |     4 |     8 ||    12
       Ice Form          |       |       |     3 ||     3
  Use: Scroll            |     6 |     5 |     1 ||    12
       Potion            |       |       |     1 ||     1
 Stab: Sleeping          |     1 |     1 |     2 ||     4
Armor: Robe              |     6 |    10 |     3 ||    19
       Skin              |       |     3 |     5 ||     8
Dodge: Dodged            |    48 |   105 |    78 ||   231

Table legend: (Time is in decaauts)
 A = Elapsed time spent in this place.
 B = Non-inter-level travel time spent in this place.
 C = Inter-level travel time spent in this place.
 D = Time resting spent in this place.
 E = Time spent auto-exploring this place.
 F = Levels seen in this place.
 G = Mean time per level.
                   A        B        C        D        E       F      G
               +--------+--------+--------+--------+--------+-----+--------+
         Total |   6708 |   6609 |     99 |    357 |   5156 |   7 |  958.3 |
       Dungeon |   6299 |   6200 |     99 |    267 |   4933 |   6 | 1049.8 |
         Sewer |    409 |    409 |      0 |     90 |    223 |   1 |  409.0 |
               +--------+--------+--------+--------+--------+-----+--------+

Top non-repeatable levels by time:
     D:2: 1622 daAuts
     D:4: 1453 daAuts
     D:1: 1066 daAuts
     D:5: 838 daAuts
     D:3: 818 daAuts
     D:6: 500 daAuts
   Sewer: 409 daAuts
